AoeStats
← _vishi_

Black Forest

510495921Analyzed
4v4 RM · 19h ago on Oct 1, 2026· 42m 32s· 8 players
Game mode
Random Map
Map size
Large (8 player)
Population
200
Speed
Normal
Resources
Standard
Victory
Conquest
Starting age
Dark Age
Ending age
Imperial Age
RankedLock teamsTeams togetherTeam positionsShared explorationLock speedFull tech treeHidden civsTurbo modeCheats
Victory
Defeat
🇮🇳 Bohemians · India
1387
+15
🇨🇳 Vietnamese · China
1382
+15
🇭🇰 Koreans · Hong Kong SAR China
1351
+16
🇩🇪 Persians · Germany
1342
+17
🇦🇷 Mongols · Argentina
1457
-20
🇨🇦 Bohemians · Canada
1380
-17
🇩🇪 Wei · Germany
1302
-13
🇺🇸 Vietnamese · United States
1290
-13
Panchi
0:46 Loom
13:22 Feudal Age
14:11 Double-Bit Axe
17:20 Wheelbarrow
22:01 Horse Collar
25:25 Fletching
29:03 Castle Age
27:34 Gold Mining
30:08 Thumb Ring
30:08 Bodkin Arrow
30:34 Crossbowman
35:30 Town Watch
36:41 Hand Cart
45:36 Imperial Age
征南大将军
0:33 Loom
21:09 Feudal Age
21:47 Double-Bit Axe
22:43 Horse Collar
25:54 Castle Age
27:33 Bow Saw
27:27 Heavy Plow
29:31 Wheelbarrow
30:45 Gold Mining
33:47 Hand Cart
35:04 Stone Mining
36:23 Forging
36:18 Scale Barding Armor
38:56 Imperial Age
37:41 Iron Casting
37:15 Town Watch
38:59 Chain Barding Armor
38:30 Fletching
39:07 Husbandry
39:17 Bloodlines
39:31 Treadmill Crane
40:03 Chatras
40:24 Paper Money
39:30 Elite Battle Elephant
40:09 Light Cavalry
41:24 Crop Rotation
41:55 Two-Man Saw
41:57 Chemistry
41:45 Plate Barding Armor
AOE2.GG | NONO
9:02 Loom
10:48 Feudal Age
16:20 Double-Bit Axe
18:53 Castle Age
20:52 Horse Collar
21:20 Scale Barding Armor
23:58 Bloodlines
28:04 Wheelbarrow
28:30 Husbandry
30:14 Bow Saw
30:54 Forging
31:56 Gold Mining
31:57 Stone Mining
34:36 Caravan
38:01 Imperial Age
36:05 Hand Cart
36:12 Chain Barding Armor
36:27 Iron Casting
36:40 Heavy Plow
36:41 Fletching
37:30 Gold Shaft Mining
37:32 Stone Shaft Mining
37:03 Murder Holes
37:29 Ballistics
37:19 Masonry
36:57 Town Watch
37:59 Coinage
39:18 Plate Barding Armor
39:43 Blast Furnace
39:10 Conscription
39:34 Elite War Elephant
41:43 Citadels
41:49 Citadels
_vishi_
12:27 Feudal Age
13:01 Loom
16:49 Castle Age
14:47 Double-Bit Axe
15:02 Horse Collar
16:09 Wheelbarrow
18:28 Bow Saw
20:16 Scale Barding Armor
30:36 Imperial Age
28:39 Hand Cart
28:46 Pikeman
29:29 Scale Mail Armor
31:23 Chemistry
30:38 Heavy Plow
30:58 Halberdier
31:38 Squires
31:24 Arson
33:46 Chain Mail Armor
33:42 Forging
34:05 Houfnice
36:03 Conscription
37:56 Iron Casting
37:52 Plate Mail Armor
37:56 Siege Engineers
40:20 Blast Furnace
40:22 Padded Archer Armor
40:13 Fletching
41:05 Wagenburg Tactics
Suni
1:24 Loom
21:33 Feudal Age
28:56 Castle Age
27:46 Double-Bit Axe
29:27 Horse Collar
34:26 Pikeman
36:14 Scale Mail Armor
Auto Horse
6:22 Loom
11:56 Feudal Age
12:47 Double-Bit Axe
12:43 Horse Collar
15:32 Castle Age
16:50 Bow Saw
16:41 Heavy Plow
18:52 Wheelbarrow
20:31 Gold Mining
24:16 Hand Cart
24:07 Scale Mail Armor
27:03 Imperial Age
25:45 Squires
26:02 Chain Mail Armor
25:58 Forging
27:37 Elite Fire Lancer
28:49 Plate Mail Armor
28:57 Iron Casting
29:00 Arson
29:15 Stone Mining
29:16 Fletching
29:40 Masonry
29:15 Capped Ram
31:31 Scale Barding Armor
31:22 Bodkin Arrow
31:49 Ballistics
31:53 Caravan
33:06 Pikeman
34:01 Bloodlines
33:52 Husbandry
34:37 Elite Battle Elephant
35:55 Chatras
36:17 Chain Barding Armor
37:40 Plate Barding Armor
39:38 Halberdier
42:28 Devotion
41:50 Light Cavalry
Matteo426
0:44 Loom
14:02 Feudal Age
24:09 Castle Age
22:45 Fletching
Musti-1997
5:29 Loom
12:40 Feudal Age
13:04 Horse Collar
14:02 Gold Mining
14:03 Stone Mining
18:27 Castle Age
20:43 Double-Bit Axe
21:04 Heavy Plow
24:30 Scale Barding Armor
24:42 Bloodlines
27:10 Wheelbarrow
28:26 Bow Saw
30:42 Gold Shaft Mining
30:42 Stone Shaft Mining
31:59 Hand Cart
35:20 Imperial Age
34:32 Forging
34:42 Chain Barding Armor
34:27 Husbandry
35:31 Heavy Hei Guang Cavalry
36:39 Ming Guang Armor
36:35 Conscription
38:18 Iron Casting
38:22 Fletching
38:32 Padded Archer Armor
39:22 Ballistics
40:02 Chemistry
39:25 Thumb Ring
39:46 Parthian Tactics
39:46 Bodkin Arrow
Connection lost

Rejoining the realm…

Still unreachable

The connection could not be restored.

Session expired

The server has moved on; the page needs a fresh start.